 Dungeon Crawl Stone Soup version 0.26-a0-720-g2a1d101370 (webtiles) character file.

Game seed: 2056135093845528864

154463 Peloso the Hoplite (level 17, -1/154 HPs)
             Began as a Minotaur Fighter on Nov 3, 2020.
             Was the Champion of Okawaru.
             Slain by a saltling (15 damage)
             ... in the Desolation of Salt.
             The game lasted 01:32:11 (33012 turns).

Peloso the Hoplite (Minotaur Fighter)              Turns: 33012, Time: 01:32:12

Health: -1/154     AC: 27    Str: 26    XL:     17   Next: 6%
Magic:  17/17      EV: 11    Int:  5    God:    Okawaru [******]
Gold:   3732       SH: 30    Dex: 15    Spells: 16/16 levels left

rFire    + + .     SeeInvis +   V - +6 falchion of Light {vamp, rF+ MR+}
rCold    x . .     Faith    .   c - +0 tower shield
rNeg     + + .     Spirit   .   j - +2 plate armour {rN+}
rPois    +         Reflect  +   (helmet restricted)
rElec    +         Harm     .   t - +1 cloak {rPois}
rCorr    .         Rampage  .   C - +1 pair of gloves
MR       ++...                  L - +2 pair of boots {Fly}
Stlth    ..........             g - amulet of reflection
HPRegen  0.35/turn              P - ring of Nyogoa {+Inv rElec rC- MR+ Dex+3}
MPRegen  0.15/turn              D - ring of Paokli {rF+ rN+ MR+ SInv}

@: about to teleport, vulnerable, flying
A: retaliatory headbutt, horns 2
a: Heroism, Finesse, Renounce Religion, Evoke Invisibility, Stop Flying


You were in the Desolation of Salt.
You worshipped Okawaru.
Okawaru was exalted by your worship.
You visited 5 branches of the dungeon, and saw 25 of its levels.
You also visited: Ossuary, Ice Cave and Desolation.

You collected 5445 gold pieces.
You spent 1713 gold pieces at shops.

Inventory:

Hand Weapons
 a - a +0 demon blade of draining
 b - a +3 scimitar of flaming
 G - a +1 falchion of electrocution
 V - the +6 falchion of Light (weapon) {vamp, rF+ MR+}
   (Okawaru gifted it to you on level 15 of the Dungeon)

   It inflicts no extra harm, but heals its wielder when it wounds a living foe.
   It protects you from fire.
   It affects your resistance to hostile enchantments.
Armour
 c - a +0 tower shield (worn)
 j - a +2 plate armour of positive energy (worn)
 t - a +1 cloak of poison resistance (worn)
 C - a +1 pair of gloves (worn)
 I - a +3 plate armour of fire resistance
 L - a +2 pair of boots of flying (worn)
Jewellery
 g - an amulet of reflection (around neck)
 l - an uncursed ring of protection from fire
 m - a +6 ring of dexterity
 x - a +4 ring of slaying
 D - the ring of Paokli (right hand) {rF+ rN+ MR+ SInv}
   (You found it on level 15 of the Dungeon)

   [ring of protection from fire]

   It protects you from fire.
   It protects you from negative energy.
   It affects your resistance to hostile enchantments.
   It lets you see invisible.
 K - an uncursed ring of protection from fire
 P - the ring of Nyogoa (left hand) {+Inv rElec rC- MR+ Dex+3}
   (You found it on level 15 of the Dungeon)

   [ring of protection from magic]

   It affects your dexterity (+3).
   It makes you vulnerable to cold.
   It insulates you from electricity.
   It affects your resistance to hostile enchantments.
   It lets you turn invisible.
 S - an uncursed ring of protection from magic
 T - an uncursed ring of see invisible
 X - an uncursed ring of flight {unknown}
Wands
 M - a wand of digging (4)
Scrolls
 d - a scroll of enchant weapon
 e - 5 scrolls of fear
 f - a scroll of blinking
 i - a scroll of holy word
 k - 13 scrolls of remove curse
 p - 12 scrolls of teleportation
 v - 3 scrolls of identify
 y - 5 scrolls of noise
 z - a scroll of summoning
 B - a scroll of fog
 F - 4 scrolls of magic mapping
 Q - a scroll of enchant armour
 R - 2 scrolls of immolation
Potions
 h - 4 potions of cancellation
 o - 2 potions of mutation
 q - 2 potions of might
 u - 3 potions of haste
 A - 5 potions of stabbing
 E - 12 potions of curing
 H - 4 potions of berserk rage
 N - a potion of resistance


   Skills:
 + Level 14.4 Fighting
 + Level 16.6 Long Blades
 + Level 13.9 Armour
 + Level 5.8 Dodging
 + Level 2.8 Stealth
 + Level 23.1 Shields
 + Level 1.6 Invocations
 + Level 0.2 Evocations


You had 16 spell levels left.
You didn't know any spells.
Your spell library contained the following spells:

 Spells                   Type           Power        Failure   Level
 Beastly Appendage        Tmut           #.....       99%         1
 Corona                   Hex            #......      99%         1
 Magic Dart               Conj           #...         99%         1
 Blink                    Tloc           N/A          100%        2
 Call Imp                 Summ           #.......     100%        2
 Ensorcelled Hibernation  Hex/Ice        #.....       100%        2
 Searing Ray              Conj           #.....       100%        2
 Slow                     Hex            #.......     100%        2
 Wereblood                Tmut           #.......     100%        2
 Confusing Touch          Hex            #.......     100%        3
 Conjure Flame            Conj/Fire      #.......     100%        3
 Dazzling Flash           Conj/Hex       #.....       100%        3
 Gell's Gravitas          Tloc           #.........   100%        3
 Inner Flame              Hex/Fire       #.......     100%        3
 Lesser Beckoning         Tloc           #.........   100%        3
 Mephitic Cloud           Conj/Pois/Air  #.......     100%        3
 Portal Projectile        Hex/Tloc       #.....       100%        3
 Spider Form              Tmut/Pois      #.........   100%        3
 Teleport Other           Tloc           #.......     100%        3
 Tukima's Dance           Hex            #.......     100%        3
 Cause Fear               Hex            #.........   100%        4
 Fulminant Prism          Conj/Hex       #.........   100%        4
 Ice Form                 Ice/Tmut       #.......     100%        4
 Iskenderun's Mystic Bla  Conj/Tloc      #.......     100%        4
 Leda's Liquefaction      Hex/Erth       #.........   100%        4
 Passage of Golubria      Tloc           N/A          100%        4
 Petrify                  Tmut/Erth      #.......     100%        4
 Blade Hands              Tmut           #.........   100%        5
 Bolt of Magma            Conj/Fire/Erth #.........   100%        5
 Iskenderun's Battlesphe  Conj           #.......     100%        5
 Metabolic Englaciation   Hex/Ice        #.........   100%        5
 Yara's Violent Unravell  Hex/Tmut       #.........   100%        5
 Iron Shot                Conj/Erth      #.........   100%        6
 Orb of Destruction       Conj           #.........   100%        7
 Spellforged Servitor     Conj/Summ      #.........   100%        7


Dungeon Overview and Level Annotations

Branches:
Dungeon (15/15) Temple (1/1) D:5 Lair (6/6) D:10 Swamp (0/4) Lair:3 Spider (0/4) Lair:3 Slime (0/5) Lair:5 Orc (2/2) D:9 Elf (1/3) Orc:2 Vaults (0/5) D:13 D:14 Depths (0/5) D:15 Ossuary (visited) IceCv (visited) Desolation (1/1)

Altars:
Ashenzari
Cheibriados
Dithmenos
Elyvilon
Fedhas
Gozag
Hepliaklqana
Kikubaaqudgha
Makhleb
Nemelex Xobeh
Okawaru
Qazlal
Ru
Sif Muna
Trog
Uskayaw
Vehumet
Wu Jian
Xom
Yredelemnul
Zin
The Shining One
Beogh

Shops:
D:8 [   D:10 *=   D:14 ?   Orc:2 !([?:   Elf:1 [

Portals:
Abyss: D:7

Annotations:
D:4 2 runed translucent doors, Perttuleena's ghost, weakling KoDe
D:7 2 transporters, twist's ghost, novice VSEn
Lair:2 exclusion: 2 oklob plants


Innate Abilities, Weirdness & Mutations

You reflexively headbutt those who attack you in melee.
You have a pair of horns on your head.


Message History

The imperial myrmidon hits you with a +2 demon blade of electrocution!
Your magical defenses are stripped away!
You completely miss the ironbrand convoker.
The ironbrand convoker is heavily wounded.
You block the saltling's attack.
You block the ragged hierophant's attack.
The saltling hits you but does no damage.
The guardian serpent hits you!!
* * * LOW HITPOINT WARNING * * *
You hit the ironbrand convoker.
You feel better.
You headbutt the ironbrand convoker.
The ironbrand convoker is heavily wounded.
You block the imperial myrmidon's attack. x2
You block the saltling's attack.
The ironbrand convoker points at the servant of whispers and mumbles some strange words.
The servant of whispers seems to grow stronger.
The guardian serpent hits you!!
* * * LOW HITPOINT WARNING * * *
The saltling hits you!
You die...

###############
###############
...............
...............
...............
###.............
......8S8.......
......p@pp......
......ppp.......
.......pp.......
................
................
..............#...
..............#...
..................
..#..............


You could see 3 ragged hierophants, a servant of whispers (strong, stilling
wind, sheltered), 2 imperial myrmidons, 2 ironbrand convokers, a guardian
serpent (strong, sheltered) and 2 saltlings.

Vanquished Creatures
  Jorgrun (D:13)
  Rupert (D:14)
  Gastronok (Lair:1)
  Kirke (D:15)
  A tengu reaver (D:15)
  2 frost giants
  A very ugly thing (D:15)
  A dire elephant (Lair:6)
  A halazid warlock (Desolation)
  An ettin (D:15)
  Josephine (D:13)
  2 great orbs of eyes (D:15)
  A yaktaur captain (D:15)
  2 ragged hierophants (Desolation)
  3 servants of whispers
  12 hydras
  Harold (D:8)
  3 boulder beetles
  Erolcha (Orc:2)
  7 centaur warriors
  4 vault guards (D:15)
  5 catoblepae
  3 death knights
  2 ogre magi
  7 death yaks
  A dancing weapon (Elf:1)
  4 two-headed ogres
  2 tengu warriors
  A deep troll shaman (D:15)
  Urug (D:14)
  Nergalle (Orc:2)
  4 deep elf knights (Elf:1)
  2 unseen horrors (shapeshifter)
  8 skeletal warriors
  A glowing orange brain (D:14)
  4 unseen horrors
  A harpy (D:15)
  2 lindwurms (Lair:6)
  3 orc knights (D:15)
  3 ironbrand convokers (Desolation)
  6 deep elf magi
  9 cyclopes
  7 orc sorcerers (Orc:2)
  3 ugly things
  3 manticores
  An ice statue (IceCv)
  12 elephants
  Joseph (D:10)
  14 cane toads
  5 black mambas
  A gargoyle (D:15)
  7 centaur skeletons
  A torpor snail (Lair:6)
  A cane toad (shapeshifter) (D:14)
  A yaktaur (D:13)
  7 komodo dragons
  A kobold demonologist (D:13)
  An efreet (D:13)
  A freezing wraith (D:12)
  5 rime drakes
  2 tengu conjurers (D:15)
  2 ice devils (D:14)
  19 polar bears
  10 trolls
  2 meliai (D:15)
  A troll (shapeshifter) (D:13)
  A hornet (shapeshifter) (D:14)
  4 hornets
  23 blink frogs
  2 bog bodies (Lair:3)
  5 saltlings
  6 slime creatures
  2 dream sheep (Lair:6)
  2 vampires
  57 yaks
  4 wyverns
  4 shadows
  8 wraiths
  A hog (D:15)
  3 fire elementals (Elf:1)
  16 humans
  9 vampire mosquitoes
  7 basilisks
  8 wargs
  An acid dragon (D:13)
  Edmund (D:5)
  2 floating eyes (D:15)
  18 water moccasins
  4 sky beasts
  49 orc warriors
  4 eyes of draining
  9 ice beasts
  4 black bears
  22 wolves
  3 necrophages
  12 ogres
  2 phantoms
  5 boggarts (D:15)
  11 centaurs
  2 big kobolds
  An elf zombie (D:9)
  26 bullfrogs
  5 gnoll sergeants (D:9)
  An elf skeleton (D:9)
  A wyvern zombie (D:13)
  9 scorpions
  A killer bee (D:13)
  19 wights
  3 electric eels
  5 howler monkeys
  2 jellies
  10 hounds
  5 centaur zombies
  4 quasits
  3 bullfrog skeletons
  6 human zombies
  A bullfrog zombie (D:10)
  24 orc priests
  3 gnoll shamans
  48 orc wizards
  3 iguanas
  A human skeleton (D:9)
  16 worker ants
  4 hell rats (Lair:3)
  4 big kobold zombies (Ossuary)
  A hound zombie (Ossuary)
  4 hound skeletons
  4 mummies
  3 worker ant zombies
  26 gnolls
  12 adders
  3 shadow imps
  3 ufetubi
  6 adder zombies
  An ooze (D:2)
  4 adder skeletons
  3 worms
  A dart slug (D:1)
  A leopard gecko (D:5)
  112 orcs
  7 bats
  3 giant cockroaches
  A gnoll zombie (Ossuary)
  5 hobgoblins
  14 jackals
  15 kobolds
  5 quokkas
  2 ball pythons
  5 frilled lizards
  4 goblins
  6 hobgoblin zombies (Ossuary)
  3 jackal zombies
  4 kobold zombies (Ossuary)
  A leopard gecko zombie (D:6)
  3 orc zombies
  3 quokka zombies
  5 rats
  2 rat zombies (Ossuary)
1014 creatures vanquished.

Vanquished Creatures (others)
  A deep elf knight (Elf:1)
  2 unseen horrors (D:13)
  A deep elf mage (Elf:1)
  A polar bear (IceCv)
  A shadow (D:13)
  A yak (IceCv)
  A human (D:15)
  A wolf (Lair:6)
  26 fungi
  29 plants
64 creatures vanquished.

Grand Total: 1078 creatures vanquished

Notes
Turn   | Place    | Note
-------+----------+-------------------------------------------
     0 | D:1      | Peloso the Minotaur Fighter began the quest for the Orb.
     0 | D:1      | Reached XP level 1. HP: 19/19 MP: 0/0
   353 | D:1      | Reached XP level 2. HP: 22/27 MP: 1/1
   685 | D:2      | Noticed an ogre
   850 | D:2      | Noticed a scorpion
   852 | D:2      | Reached skill level 4 in Shields
   857 | D:2      | Killed a scorpion
   857 | D:2      | Reached XP level 3. HP: 34/34 MP: 2/2
   857 | D:2      | Reached XP level 4. HP: 41/41 MP: 3/3
  1976 | D:4      | Found a runed translucent door.
  1977 | D:4      | Found a glowing silver altar of Zin.
  1977 | D:4      | Noticed an angel
  2124 | D:4      | Reached skill level 5 in Shields
  2124 | D:4      | Reached XP level 5. HP: 43/47 MP: 4/4
  2217 | D:4      | Reached skill level 5 in Fighting
  2304 | D:4      | Found a snail-covered altar of Cheibriados.
  2330 | D:4      | Found a burning altar of Makhleb.
  2335 | D:4      | Reached XP level 6. HP: 56/56 MP: 5/5
  2361 | D:4      | Found a radiant altar of Vehumet.
  2413 | D:4      | Found a hazy altar of Hepliaklqana.
  2449 | D:4      | Found a runed translucent door.
  2449 | D:4      | Noticed Perttuleena's ghost (weakling KoDe)
  2512 | D:5      | Entered Level 5 of the Dungeon
  2534 | D:5      | Found a sand-covered staircase.
  2539 | Ossuary  | Entered an ossuary
  2768 | Ossuary  | Reached skill level 5 in Long Blades
  2846 | Ossuary  | Reached skill level 1 in Dodging
  2982 | Ossuary  | Reached skill level 6 in Shields
  2982 | Ossuary  | Reached XP level 7. HP: 56/61 MP: 6/6
  3190 | D:5      | Reached skill level 5 in Armour
  3209 | D:5      | Noticed Edmund
  3233 | D:5      | Killed Edmund
  3251 | D:5      | Reached XP level 8. HP: 31/71 MP: 4/7
  3499 | D:5      | Reached skill level 7 in Shields
  3915 | D:5      | Found a staircase to the Ecumenical Temple.
  3922 | Temple   | Entered the Ecumenical Temple
  5033 | D:2      | Found a white marble altar of Elyvilon.
  5687 | D:6      | Reached skill level 8 in Shields
  5779 | D:6      | Reached XP level 9. HP: 79/79 MP: 8/8
  6001 | D:6      | Found a glowing golden altar of the Shining One.
  6356 | D:7      | Found a shimmering altar of Xom.
  6357 | D:7      | Found a sacrificial altar of Ru.
  6403 | D:7      | Found a transporter.
  6403 | D:7      | Found a one-way gate to the infinite horrors of the Abyss.
  6403 | D:7      | Noticed twist's ghost (novice VSEn)
  6424 | D:7      | Noticed a purple ugly thing
  6435 | D:7      | Noticed a toenail golem
  6437 | D:7      | Found a transporter.
  6656 | D:7      | Reached skill level 9 in Shields
  6728 | D:7      | Reached skill level 1 in Stealth
  7241 | D:8      | Found an iron altar of Okawaru.
  7254 | D:8      | Became a worshipper of Warmaster Okawaru
  7297 | D:8      | Reached skill level 10 in Long Blades
  7399 | D:8      | Reached skill level 10 in Shields
  7620 | D:8      | Noticed Harold
  7627 | D:8      | Found Heho's Antique Armour Emporium.
  7640 | D:8      | Killed Harold
  7640 | D:8      | Reached * piety under Okawaru
  7640 | D:8      | Reached XP level 10. HP: 67/88 MP: 9/9
  7731 | D:8      | Bought a pair of glowing boots for 195 gold pieces
  8078 | D:9      | Reached skill level 11 in Shields
  8184 | D:9      | Reached ** piety under Okawaru
  8406 | D:9      | Noticed a cyclops
  8411 | D:9      | Found a staircase to the Orcish Mines.
  8412 | D:9      | Killed a cyclops
  8412 | D:9      | Reached *** piety under Okawaru
  8443 | D:9      | Reached skill level 12 in Shields
  8481 | D:9      | Found a bloodstained altar of Trog.
  9006 | D:9      | Reached XP level 11. HP: 95/95 MP: 10/10
  9038 | D:9      | Found an ancient bone altar of Kikubaaqudgha.
  9461 | D:10     | Entered Level 10 of the Dungeon
  9466 | D:10     | Received a gift from Okawaru
  9467 | D:10     | Noticed a two-headed ogre
  9475 | D:10     | Killed a two-headed ogre
  9498 | D:10     | Reached skill level 13 in Shields
  9499 | D:10     | Found Inuq's General Store.
  9561 | D:10     | Noticed Joseph
  9585 | D:10     | Killed Joseph
  9605 | D:10     | Bought a scroll of blinking for 97 gold pieces
  9605 | D:10     | Bought a scroll of enchant armour for 97 gold pieces
  9678 | D:10     | Reached **** piety under Okawaru
  9981 | D:10     | Found Fuola's Jewellery Emporium.
 10117 | D:10     | Found a staircase to the Lair.
 10319 | D:10     | Killed an unseen horror
 10736 | D:11     | Reached ***** piety under Okawaru
 10932 | D:11     | Killed an unseen horror
 10932 | D:11     | Reached skill level 14 in Shields
 11306 | D:11     | Noticed a six-headed hydra
 11322 | D:11     | Killed a one-headed hydra
 11460 | D:11     | Received a gift from Okawaru
 11468 | D:11     | Reached XP level 12. HP: 88/105 MP: 9/11
 12196 | D:12     | Noticed a death knight
 12228 | D:12     | Killed a death knight
 12228 | D:12     | Reached skill level 15 in Shields
 12372 | D:12     | Noticed a two-headed ogre
 12382 | D:12     | Killed a two-headed ogre
 12660 | D:12     | Reached skill level 10 in Fighting
 13199 | Lair:1   | Entered Level 1 of the Lair of Beasts
 13683 | Lair:1   | Reached skill level 10 in Armour
 13703 | Lair:1   | Reached skill level 16 in Shields
 13958 | Lair:1   | Noticed an eight-headed hydra
 13968 | Lair:1   | Killed a three-headed hydra
 14186 | Lair:1   | Received a gift from Okawaru
 14562 | Lair:1   | Noticed Gastronok
 14584 | Lair:1   | Killed Gastronok
 14584 | Lair:1   | Reached XP level 13. HP: 93/113 MP: 10/12
 15536 | Lair:2   | Reached skill level 17 in Shields
 15637 | Lair:2   | Reached ****** piety under Okawaru
 15646 | Lair:2   | Received a gift from Okawaru
 17025 | Lair:3   | Found a shimmering altar of Xom.
 17246 | Lair:3   | Found a hole to the Spider Nest.
 17299 | Lair:3   | Received a gift from Okawaru
 17320 | Lair:3   | Got an agate-encrusted ring mail {god gift}
 17331 | Lair:3   | Identified the +2 ring mail "Utiutim" {rC++} (Okawaru
                  | gifted it to you on level 3 of the Lair of Beasts)
 17421 | Lair:3   | Found a staircase to the Swamp.
 17804 | Lair:4   | Reached skill level 18 in Shields
 18733 | D:13     | Noticed Josephine
 19049 | D:13     | Killed Josephine
 19199 | D:13     | Found a roughly hewn altar of Beogh.
 19243 | D:13     | Reached XP level 14. HP: 121/124 MP: 10/13
 19400 | D:13     | Paralysed by a hornet for 1 turns
 19670 | D:13     | Reached skill level 19 in Shields
 19834 | D:13     | Received a gift from Okawaru
 19839 | D:13     | Got a pair of crude boots {god gift}
 19853 | D:13     | Identified the +2 pair of boots of the Other Side {-Cast
                  | rN+++ Dex+6 Slay-6} (Okawaru gifted it to you on level 13
                  | of the Dungeon)
 20521 | D:13     | Found a radiant altar of Vehumet.
 20591 | D:13     | Noticed Jorgrun
 20601 | D:13     | Killed Jorgrun
 21039 | D:13     | Identified the +4 trident "Egg" {antimagic, rF+ Str-3
                  | Int+5} (You found it on level 13 of the Dungeon)
 21345 | D:14     | Found a gate to the Vaults.
 21345 | D:14     | Noticed Rupert
 21345 | D:14     | Noticed Urug
 21369 | D:13     | Reached skill level 1 in Invocations
 21390 | D:13     | Reached skill level 20 in Shields
 21508 | D:14     | Found a frozen archway.
 21520 | D:14     | Received a gift from Okawaru
 21554 | IceCv    | Entered an ice cave
 22081 | IceCv    | Reached skill level 15 in Long Blades
 22222 | IceCv    | Reached XP level 15. HP: 128/132 MP: 14/14
 22384 | IceCv    | Noticed a frost giant
 22424 | IceCv    | Killed a frost giant
 22947 | D:14     | Received a gift from Okawaru
 23004 | D:14     | Killed Rupert
 23080 | D:14     | Killed Urug
 23311 | D:14     | Found Gigaz's Magic Scroll Shop.
 23332 | D:14     | Bought a scroll of magic mapping for 49 gold pieces
 23332 | D:14     | Bought a scroll of immolation for 49 gold pieces
 23332 | D:14     | Bought a scroll of identify for 28 gold pieces
 23337 | D:14     | Bought a scroll of identify for 28 gold pieces
 24181 | D:14     | Reached skill level 5 in Dodging
 24560 | D:15     | Entered Level 15 of the Dungeon
 24695 | Orc:1    | Entered Level 1 of the Orcish Mines
 24804 | Orc:2    | Entered Level 2 of the Orcish Mines
 24804 | Orc:2    | Found a roughly hewn altar of Beogh.
 25067 | Orc:2    | Paralysed by an orc sorcerer for 7 turns
 25366 | Orc:2    | Reached skill level 21 in Shields
 26001 | Orc:2    | Found a staircase to the Elven Halls.
 26034 | Orc:2    | Found Vofod's Magic Scroll Shoppe.
 26040 | Orc:2    | Bought a scroll of acquirement for 728 gold pieces
 26172 | Orc:2    | Found Fiufiote's Antique Weapon Shop.
 26185 | Orc:2    | Found Tohuroix's Distillery.
 26306 | Orc:2    | Bought a potion of mutation for 136 gold pieces
 26306 | Orc:2    | Bought a potion of might for 68 gold pieces
 26306 | Orc:2    | Bought a potion of might for 68 gold pieces
 26306 | Orc:2    | Bought a potion of berserk rage for 85 gold pieces
 26306 | Orc:2    | Bought a potion of heal wounds for 85 gold pieces
 26320 | Orc:2    | Found a radiant altar of Vehumet.
 26320 | Orc:2    | Noticed Erolcha
 26334 | Orc:2    | Killed Erolcha
 26369 | Orc:2    | Noticed Nergalle
 26383 | Orc:2    | Found Ruoguclae's Antique Armour Shop.
 26389 | Orc:2    | Killed Nergalle
 26417 | Orc:2    | Found an ancient bone altar of Kikubaaqudgha.
 26601 | Orc:2    | Found a roughly hewn altar of Beogh.
 26608 | Orc:2    | Found Loning's Book Boutique.
 26721 | Orc:1    | Received a gift from Okawaru
 27611 | D:15     | Paralysed by a great orb of eyes for 5 turns
 27617 | D:15     | Paralysed by a great orb of eyes for 7 turns
 27772 | D:15     | Found a glowing golden altar of the Shining One.
 27898 | D:15     | Got a steaming granite ring
 27899 | D:15     | Identified the ring "Taokoal" {*Tele Slay+3} (You found it
                  | on level 15 of the Dungeon)
 28332 | D:15     | Noticed a frost giant
 28343 | D:15     | Killed a frost giant
 28680 | D:15     | Reached XP level 16. HP: 119/144 MP: 16/16
 28789 | D:15     | Got a wavering wooden ring
 28793 | D:15     | Identified the ring of Paokli {rF+ rN+ MR+ SInv} (You found
                  | it on level 15 of the Dungeon)
 29015 | D:15     | Received a gift from Okawaru
 29033 | D:15     | Got a dazzling falchion {god gift}
 29034 | D:15     | Identified the +6 falchion of Light {vamp, rF+ MR+}
                  | (Okawaru gifted it to you on level 15 of the Dungeon)
 29157 | D:15     | Found a shadowy altar of Dithmenos.
 29167 | D:15     | Acquired 557 gold pieces
 29186 | D:15     | Found a transporter.
 29186 | D:15     | Noticed a tengu reaver
 29217 | D:15     | Killed a tengu reaver
 29473 | D:15     | Paralysed by a great orb of eyes for 2 turns
 29532 | D:15     | Found a glowing golden altar of the Shining One.
 29535 | D:15     | Reached skill level 22 in Shields
 29599 | D:15     | Found a transporter.
 29937 | D:15     | Noticed Kirke
 29945 | D:15     | Killed Kirke
 29961 | D:15     | Received a gift from Okawaru
 29966 | D:15     | Got a wavering marble ring
 29968 | D:15     | Identified the ring of Nyogoa {+Inv rElec rC- MR+ Dex+3}
                  | (You found it on level 15 of the Dungeon)
 30038 | D:15     | Found a staircase to the Depths.
 30349 | Lair:5   | Found a staircase to the Slime Pits.
 31162 | Lair:6   | Entered Level 6 of the Lair of Beasts
 31358 | Lair:6   | Received a gift from Okawaru
 32366 | Elf:1    | Entered Level 1 of the Elven Halls
 32438 | Elf:1    | Found a radiant altar of Vehumet.
 32509 | Elf:1    | Found Jigreres's Armour Emporium.
 32510 | Elf:1    | Found a ruined gateway.
 32553 | Desolati | Entered the Desolation of Salt
 32599 | Desolati | Received a gift from Okawaru
 32623 | Desolati | Reached skill level 23 in Shields
 32646 | Desolati | Reached XP level 17. HP: 33/154 MP: 17/17
 33012 | Desolati | Slain by a saltling

Illustrated notes

Levels and vault maps discovered:
D:1:      minmay_arrival_wavy_path, layout_basic
D:2:      layout_loops_cross, marbit_many_paths
D:3:      layout_basic
D:4:      layout_rooms, nicolae_overflow_quartered_altars,
          ebering_ghost_reflecting_pool, lemuel_angel_altar
D:5:      layout_basic, minmay_temple_entry_enclosed_plants, enter_ossuary_2,
          corexii_shack, uniq_edmund
D:6:      kennysheep_six_static_rooms, layout_rooms, tso_metal_star
D:7:      layout_loops_ring, gammafunk_temple_overflow_statue,
          gammafunk_ghost_abyssal_escape
D:8:      layout_basic, okawaru_trees_1, serial_shops, shop, st_stairs_3,
          uniq_harold
D:9:      layout_cave_pools, nicolae_overflow_crystal_walls, orc_0_dummy,
          serial_gnoll_camp, gnoll_camp_mini_basic, gnoll_camp_medium_02,
          gnoll_camp_medium_01, gnoll_camp_mini_basic, gnoll_camp_mini_sergeant,
          lemuel_mausoleum_altar_kikubaaqudgha
D:10:     layout_long_grid, grunt_lair_entry_orc_guard_hut, serial_shops,
          nicolae_shop_crystal, shop, uniq_joseph
D:11:     layout_big_octagon, hangedman_decor_peaks_small, minmay_circle_x
D:12:     layout_long_grid
D:13:     minmay_the_grid_square_5x5_5x5 [minmay_the_grid_square_5x5_bite,
          minmay_the_grid_square_5x5_six_small,
          minmay_the_grid_square_5x5_inner_v,
          minmay_the_grid_square_5x5_shuriken,
          minmay_the_grid_square_5x5_tri_point,
          minmay_the_grid_square_5x5_eight,
          minmay_the_grid_square_5x5_prize_open,
          minmay_the_grid_square_5x5_moneybag,
          minmay_the_grid_square_5x5_prize_waves,
          minmay_the_grid_square_5x5_fancy_junction,
          minmay_the_grid_square_5x5_sharp_hourglass,
          minmay_the_grid_square_5x5_minimal,
          minmay_the_grid_square_5x5_prize_junk,
          minmay_the_grid_square_5x5_shrine1,
          minmay_the_grid_square_5x5_half_checkered,
          minmay_the_grid_square_5x5_tetrominoes,
          minmay_the_grid_square_5x5_prize_gold,
          minmay_the_grid_square_5x5_percent,
          minmay_the_grid_square_5x5_prize_open,
          minmay_the_grid_square_5x5_forky,
          minmay_the_grid_square_5x5_checkered_sparse,
          minmay_the_grid_square_5x5_inverted_slash,
          minmay_the_grid_square_5x5_shrine2,
          minmay_the_grid_square_5x5_broken_cross,
          minmay_the_grid_square_5x5_minivault], layout_rooms, special_room
          [special_room_orc], uniq_josephine, uniq_jorgrun
D:14:     layout_basic, david_vaults_3, serial_shops, shop_fountains,
          portal_ice_cave_demonic_guard
D:15:     hangedman_spin_cycle
Temple:   nicolae_temple_x_marks_the_god
Lair:1:   layout_regular_city, beast_lair_carwin_1, uniq_gastronok
Lair:2:   layout_long_grid, minmay_lair_oklob_chamber, grunt_megastairs_4
Lair:3:   layout_cave_pods, skrybe_swamp_entry_bodies,
          spider_nest_entry_web_field, basic_altar, lemuel_fruit_fields,
          grunt_megastairs_1, uniq_urug
Lair:4:   layout_regular_city, grunt_megastairs_2
Lair:5:   layout_cave_pods, slime_dummy, serial_bayou_shore_a,
          serial_bayou_shore_b, infiniplex_staircase_pool_2
Lair:6:   hangedman_lair_in_review, layout_misc_corridors
Orc:1:    layout_caves, nooodl_orcs_dogs
Orc:2:    kennysheep_orc_mage_school, layout_caves, basic_altar, serial_shops,
          nicolae_shop_behind_doors, guppyfry_library_mini, uniq_erolcha
Elf:1:    eino_elf_arrival_altar, layout_gridlike, special_room
          [special_room_mythical_zoo], portal_desolation_entry_salt,
          serial_shops, nicolae_shop_stone, nicolae_shop_behind_doors,
          nicolae_shop_competitors_out_of_business, shop, minivault_28,
          uniq_frances
Desolation

Skill      XL: |  1  2  3  4  5  6  7  8  9 10 11 12 13 14 15 16 |
---------------+-------------------------------------------------+-----
Fighting       | 4 5 6 7 8 9 10 11 12 13 14 | 14.4
Armour         | 4 5 6 7 9 10 11 12 13 | 13.9
Shields        | 4 5 6 8 10 12 14 16 18 20 21 23 | 23.1
Long Blades    | 3 4 5 6 8 10 11 12 13 14 15 16 | 16.6
Dodging        | 1 2 3 4 5 |  5.8
Stealth        | 1 2 |  2.8
Invocations    | 1 |  1.6
Evocations     | |  0.2

Action                   |  1- 3 |  4- 6 |  7- 9 | 10-12 | 13-15 | 16-18 || total
-------------------------+-------+-------+-------+-------+-------+-------++-------
Melee: Long sword        |    26 |   187 |   145 |       |       |       ||   358
       Headbutt          |     4 |    64 |   113 |   338 |   585 |   247 ||  1351
       Falchion          |       |       |   281 |  1053 |   820 |   477 ||  2631
       Scimitar          |       |       |       |       |   982 |   270 ||  1252
Invok: Heroism           |       |       |       |     5 |    14 |     6 ||    25
Evoke: Wand              |       |       |     1 |     1 |     3 |       ||     5
  Use: Potion            |     4 |       |     1 |     3 |     3 |     5 ||    16
       Scroll            |       |       |     7 |    11 |    10 |     5 ||    33
 Stab: Held in net/web   |       |       |     1 |       |       |       ||     1
Armor: Scale mail        |    14 |    13 |       |       |       |       ||    27
       Chain mail        |       |    36 |    72 |       |       |       ||   108
       Plate armour      |       |       |    49 |   320 |   369 |   225 ||   963
       Ring mail         |       |       |       |       |    35 |       ||    35
Dodge: Dodged            |    11 |    23 |    55 |   109 |   204 |   123 ||   525
Block: Kite shield       |    13 |   151 |   142 |       |       |       ||   306
       Tower shield      |       |       |   223 |  1205 |  1908 |   900 ||  4236
       Reflection        |       |       |    14 |    50 |    48 |    19 ||   131
       Rpst.: Long sword |     2 |    13 |     7 |       |       |       ||    22
       Falchion          |       |       |     7 |    23 |    13 |    23 ||    66
       Scimitar          |       |       |       |       |    23 |    12 ||    35

Table legend: (Time is in decaauts)
 A = Elapsed time spent in this place.
 B = Non-inter-level travel time spent in this place.
 C = Inter-level travel time spent in this place.
 D = Time resting spent in this place.
 E = Time spent auto-exploring this place.
 F = Levels seen in this place.
 G = Mean time per level.
                   A        B        C        D        E       F      G
               +--------+--------+--------+--------+--------+-----+--------+
         Total |  32045 |  30371 |   1674 |   2308 |  19050 |  28 | 1144.5 |
       Dungeon |  19403 |  18240 |   1163 |    953 |  12070 |  15 | 1293.5 |
        Temple |     83 |     83 |      0 |      0 |      0 |   1 |   83.0 |
          Lair |   7434 |   7058 |    376 |    417 |   4697 |   6 | 1239.0 |
  Orcish Mines |   2744 |   2609 |    135 |    452 |   1388 |   2 | 1372.0 |
   Elven Halls |    148 |    148 |      0 |      0 |      0 |   1 |  148.0 |
       Ossuary |    575 |    575 |      0 |      0 |    282 |   1 |  575.0 |
      Ice Cave |   1245 |   1245 |      0 |    200 |    613 |   1 | 1245.0 |
    Desolation |    408 |    408 |      0 |    286 |      0 |   1 |  408.0 |
               +--------+--------+--------+--------+--------+-----+--------+

Top non-repeatable levels by time:
    D:15: 2426 daAuts
    D:13: 2325 daAuts
  Lair:1: 2254 daAuts
   Orc:2: 1577 daAuts
    D:14: 1515 daAuts
     D:9: 1514 daAuts
     D:5: 1464 daAuts
    D:11: 1456 daAuts
    D:12: 1422 daAuts
    D:10: 1399 daAuts
  Lair:3: 1369 daAuts
   IceCv: 1245 daAuts
   Orc:1: 1167 daAuts
     D:3: 1134 daAuts
  Lair:2: 1051 daAuts
